[Event "ICC tourney 2556 (25 5)"]
[Site "Internet Chess Club"]
[Date "2021.05.08"]
[Round "3"]
[White "PARHAR, VIVAAN:K05-16000954"]
[Black "TCHENG, GENE:K05-16951443"]
[Result "1-0"]
[ICCResult "Black checkmated"]
[WhiteElo "1148"]
[BlackElo "769"]
[Opening "Latvian counter-gambit"]
[ECO "C40"]
[NIC "KP.09"]
[Time "15:30:49"]
[PlyCount "41"]
[TimeControl "1500+5"]

1. e4 e5 2. Nf3 f5 3. Nc3 fxe4 4. Nxe4 Nc6 5. d4 exd4 6. Nxd4 Qe7 7. Be2
Qxe4 8. Nxc6 Qxc6 9. O-O b6 10. Bf3 Qd6 11. Qxd6 Bxd6 12. Bxa8 Ne7 13. Bf3
O-O 14. Bg5 Ng6 15. h3 Ba6 16. Rfe1 Rf5 17. Re8+ Bf8 18. Be3 Ne5 19. Bd5+
Kh8 20. Be4 Rh5 21. Rxf8# { Black checkmated } 1-0

[Event "ICC tourney 2556 (25 5)"]
[Site "Internet Chess Club"]
[Date "2021.05.08"]
[Round "3"]
[White "MATHUR, AASHI:K05-17111754"]
[Black "ZHIHAO JIAO, ETHAN:K05-17273262"]
[Result "1-0"]
[ICCResult "Black checkmated"]
[WhiteElo "1012"]
[BlackElo "581"]
[Opening "Giuoco Piano"]
[ECO "C53"]
[NIC "IG.02"]
[Time "15:32:27"]
[PlyCount "37"]
[TimeControl "1500+5"]

1. e4 e5 2. Nf3 Nc6 3. Bc4 Bc5 4. c3 d6 5. d4 exd4 6. cxd4 Bb4+ 7. Nc3 Bg4
8. d5 Ne5 9. Qa4+ Qd7 10. Qxb4 b6 11. Nxe5 dxe5 12. Bb5 c6 13. Bxc6 a5 14.
Bxd7+ Kxd7 15. Qxb6 Nf6 16. Qc6+ Ke7 17. d6+ Kd8 18. Qc7+ Ke8 19. Qe7# {
Black checkmated } 1-0

[Event "ICC tourney 2556 (25 5)"]
[Site "Internet Chess Club"]
[Date "2021.05.08"]
[Round "3"]
[White "MUSE SINEK, JAMES:K05-17174225"]
[Black "SFORZA, HUNTER:K05-30100050"]
[Result "0-1"]
[ICCResult "White checkmated"]
[WhiteElo "258"]
[BlackElo "692"]
[Opening "Sicilian"]
[ECO "B50"]
[NIC "SI.01"]
[Time "15:30:22"]
[PlyCount "54"]
[TimeControl "1500+5"]

1. e4 c5 2. Nf3 d6 3. Nc3 Nf6 4. Bc4 e6 5. d3 d5 6. exd5 exd5 7. Bxd5 Nxd5
8. Nxd5 Qxd5 9. c4 Qc6 10. Ne5 Qe6 11. Bf4 f6 12. O-O fxe5 13. d4 Qxc4 14.
dxe5 Qxf4 15. Qc1 Qxc1 16. Raxc1 Nc6 17. Rxc5 Bxc5 18. Rc1 Bb6 19. Re1 O-O
20. e6 Bxf2+ 21. Kf1 Bxe1+ 22. Kxe1 Re8 23. e7 Rxe7+ 24. Kf1 Bd7 25. g3
Rf8+ 26. Kg1 Bh3 27. Kh1 Re1# { White checkmated } 0-1

[Event "ICC tourney 2556 (25 5)"]
[Site "Internet Chess Club"]
[Date "2021.05.08"]
[Round "3"]
[White "SASTRY, ARUSH:K05-30017444"]
[Black "GRESHAM, JOB:K05-16440438"]
[Result "1-0"]
[ICCResult "Black checkmated"]
[WhiteElo "381"]
[BlackElo "954"]
[Opening "Scandinavian: Pytel-Wade variation"]
[ECO "B01"]
[NIC "SD.02"]
[Time "15:30:28"]
[PlyCount "49"]
[TimeControl "1500+5"]

1. e4 d5 2. exd5 Qxd5 3. Nc3 Qd6 4. d4 Nf6 5. Nf3 Nc6 6. Nb5 Qd8 7. c4 a6
8. Nc3 Bg4 9. d5 Ne5 10. Be2 Nxf3+ 11. Bxf3 Bxf3 12. Qxf3 e6 13. dxe6 fxe6
14. Qxb7 Bd6 15. Qc6+ Nd7 16. Bg5 Be7 17. Bxe7 Kxe7 18. O-O-O Rb8 19. Rhe1
Rb6 20. Nd5+ Kf8 21. Nxb6 cxb6 22. Rxd7 Qg5+ 23. Re3 Qc5 24. Qa8+ Qc8 25.
Qxc8# { Black checkmated } 1-0

[Event "ICC tourney 2556 (25 5)"]
[Site "Internet Chess Club"]
[Date "2021.05.08"]
[Round "3"]
[White "KARPENKO, OSKAR:K05-16342416"]
[Black "DENNIS GADA, KRIS:K05-30135052"]
[Result "1-0"]
[ICCResult "Black checkmated"]
[WhiteElo "811"]
[BlackElo "384"]
[Opening "KGA: Schallop defense"]
[ECO "C34"]
[NIC "KG.02"]
[Time "15:31:27"]
[PlyCount "57"]
[TimeControl "1500+5"]

1. e4 e5 2. f4 exf4 3. Nf3 Nf6 4. Nc3 Nc6 5. d4 Bb4 6. Bd3 Bxc3+ 7. bxc3
Nb4 8. cxb4 O-O 9. Bxf4 Ng4 10. h3 Nf6 11. e5 Nh5 12. Bg5 f6 13. exf6 gxf6
14. Bh6 Ng3 15. Bxf8 Nxh1 16. Bh6 Qe8+ 17. Qe2 Qxe2+ 18. Kxe2 b6 19. Rxh1
Bb7 20. Ke3 Re8+ 21. Kf2 a5 22. bxa5 bxa5 23. Re1 Re2+ 24. Rxe2 d5 25. Re7
Bc6 26. Rxc7 Be8 27. c4 dxc4 28. Bxc4+ Kh8 29. Bg7# { Black checkmated }
1-0

[Event "ICC tourney 2556 (25 5)"]
[Site "Internet Chess Club"]
[Date "2021.05.08"]
[Round "3"]
[White "KIRILOV SAKALIYSKI, CHRISTOPHER:K05-16115040"]
[Black "CLARO, LUKE:K05-30079195"]
[Result "1-0"]
[ICCResult "Black checkmated"]
[WhiteElo "1446"]
[BlackElo "931"]
[Opening "English opening"]
[ECO "A20"]
[NIC "EO.24"]
[Time "15:31:22"]
[PlyCount "79"]
[TimeControl "1500+5"]

1. c4 e5 2. g3 Bc5 3. Bg2 Nf6 4. Nc3 Ng4 5. e3 d6 6. Nge2 Qf6 7. O-O Qh6 8.
h3 Nf6 9. h4 g5 10. hxg5 Qxg5 11. d4 Qh5 12. f3 Bb6 13. Kf2 exd4 14. exd4
Qf5 15. Bf4 h5 16. Rh1 d5 17. c5 Ba5 18. Bh3 Qg6 19. Bxc8 Nbd7 20. Bxb7 Rb8
21. c6 O-O 22. cxd7 Rxb7 23. Be5 Rxb2 24. Qc1 Rc2 25. Qa3 Bxc3 26. Qxf8+
Kxf8 27. d8=Q+ Kg7 28. Bxf6+ Qxf6 29. Qxf6+ Kxf6 30. Rac1 Bxd4+ 31. Kf1
Rxa2 32. Nxd4 Ra3 33. Rxh5 Re3 34. Rxd5 Re5 35. Rxe5 Kg7 36. Rxc7 Kg8 37.
Nf5 Kh8 38. Rc4 a5 39. Rh4+ Kg8 40. Re8# { Black checkmated } 1-0

[Event "ICC tourney 2556 (25 5)"]
[Site "Internet Chess Club"]
[Date "2021.05.08"]
[Round "3"]
[White "ZIZOLD, VICTORIA:K05-16744153"]
[Black "SIZOVA, SOPHIA:K05-16858008"]
[Result "0-1"]
[ICCResult "White checkmated"]
[WhiteElo "205"]
[BlackElo "657"]
[Opening "Sicilian defense"]
[ECO "B20"]
[NIC "SI.48"]
[Time "15:32:46"]
[PlyCount "26"]
[TimeControl "1500+5"]

1. e4 c5 2. Bc4 e6 3. f4 d6 4. Nf3 Nf6 5. e5 Nd5 6. Bxd5 exd5 7. exd6 Bxd6
8. Ng5 Bxf4 9. Qh5 Bxg5 10. Qxg5 Qxg5 11. d3 Qxg2 12. Rf1 Bg4 13. Bg5 Qe2#
{ White checkmated } 0-1

[Event "ICC tourney 2556 (25 5)"]
[Site "Internet Chess Club"]
[Date "2021.05.08"]
[Round "3"]
[White "JARQUIN, SEAN:K05-17258072"]
[Black "KANCHERLA, ROHAN:K05-16710337"]
[Result "0-1"]
[ICCResult "White checkmated"]
[WhiteElo "223"]
[BlackElo "944"]
[Opening "KP: Nimzovich defense"]
[ECO "B00"]
[NIC "VO.04"]
[Time "15:30:43"]
[PlyCount "90"]
[TimeControl "1500+5"]

1. e4 Nc6 2. Bb5 e5 3. Bxc6 bxc6 4. Qh5 Nf6 5. Qxe5+ Qe7 6. Qc3 Qxe4+ 7.
Ne2 Qxg2 8. Qg3 Qxh1+ 9. Qg1 Qe4 10. d3 Qe6 11. Na3 Bc5 12. Qxg7 Rf8 13.
Qg3 Bd6 14. Qe3 Qxe3 15. Bxe3 Ng4 16. Nc4 Nxe3 17. Nxe3 Bxh2 18. O-O-O Bf4
19. Kb1 Bd6 20. Nf5 Kd8 21. Nfd4 Rb8 22. Nf4 Bxf4 23. Re1 Re8 24. Rxe8+
Kxe8 25. Nf5 Rb5 26. Ng7+ Kf8 27. Nh5 Rxh5 28. a3 Rh1+ 29. Ka2 Rc1 30. a4
Rxc2 31. Kb3 Rxf2 32. Kc3 Be5+ 33. d4 h5 34. dxe5 h4 35. Kc4 h3 36. Kb4 h2
37. a5 h1=Q 38. Kc5 Qd5+ 39. Kb4 Rxb2+ 40. Kc3 Rd2 41. Kb4 Rc2 42. e6 Qb5+
43. Ka3 Rc3+ 44. Ka2 Qb3+ 45. Ka1 Rc1# { White checkmated } 0-1

[Event "ICC tourney 2556 (25 5)"]
[Site "Internet Chess Club"]
[Date "2021.05.08"]
[Round "3"]
[White "MCGRORY, EAMONN:K05-16885888"]
[Black "W ZHANG, ETHAN:K05-17088714"]
[Result "0-1"]
[ICCResult "White checkmated"]
[WhiteElo "357"]
[BlackElo "839"]
[Opening "Sicilian defense"]
[ECO "B20"]
[NIC "SI.48"]
[Time "15:31:00"]
[PlyCount "84"]
[TimeControl "1500+5"]

1. e4 c5 2. Bc4 Nc6 3. Nf3 d6 4. O-O Nf6 5. Nc3 e6 6. d3 Be7 7. Bf4 O-O 8.
Qd2 h6 9. Rae1 b6 10. Qe3 Bb7 11. Nh4 g5 12. Nf3 gxf4 13. Qxf4 Nh7 14. Qg4+
Bg5 15. Nxg5 Qxg5 16. Qh3 Nf6 17. f4 Qh5 18. Qg3+ Qg4 19. Qf2 Nd4 20. Qg3
Qxg3 21. hxg3 Nxc2 22. Re3 Nd4 23. g4 Nxg4 24. Rg3 h5 25. f5 Ne2+ 26. Kh1
Nxg3+ 27. Kg1 Nxf1 28. Kxf1 Ne3+ 29. Ke2 Nxc4 30. Nd1 exf5 31. Nf2 Ne5 32.
d4 cxd4 33. Nh3 fxe4 34. b3 d3+ 35. Ke3 Ng4+ 36. Kf4 d2 37. Nf2 Nxf2 38.
Ke3 d1=Q 39. Kxf2 Qd2+ 40. Kg3 Rac8 41. Kh4 Qf4+ 42. Kxh5 Rc5# { White
checkmated } 0-1

[Event "ICC tourney 2556 (25 5)"]
[Site "Internet Chess Club"]
[Date "2021.05.08"]
[Round "3"]
[White "LEE WANG, HUBERT:K05-17101448"]
[Black "MANIKANDAN, SIDDHARTH:K05-15223658"]
[Result "0-1"]
[ICCResult "White checkmated"]
[WhiteElo "860"]
[BlackElo "1445"]
[Opening "Ponziani: Jaenisch counter-attack"]
[ECO "C44"]
[NIC "KP.05"]
[Time "15:30:43"]
[PlyCount "106"]
[TimeControl "1500+5"]

1. e4 e5 2. Nf3 Nc6 3. c3 Nf6 4. d4 exd4 5. e5 Ne4 6. cxd4 Bb4+ 7. Bd2 Nxd2
8. Nbxd2 d5 9. h3 O-O 10. Bd3 f6 11. O-O fxe5 12. dxe5 Re8 13. a3 Bxd2 14.
Qxd2 Nxe5 15. Nxe5 Rxe5 16. Qf4 Qf6 17. Qxf6 gxf6 18. Rfe1 Be6 19. Rxe5
fxe5 20. Re1 e4 21. Bc2 Re8 22. f3 Bf5 23. fxe4 Bxe4 24. Bxe4 Rxe4 25. Re3
Rxe3 26. Kf2 Rb3 27. Ke2 Rxb2+ 28. Kf3 Ra2 29. Ke3 Rxa3+ 30. Kd4 c6 31. g4
b5 32. Kc5 d4 33. Kxd4 b4 34. Kc4 b3 35. Kc3 b2+ 36. Kxb2 Rxh3 37. Kc2 Rg3
38. Kd2 Rxg4 39. Kc3 Rg6 40. Kc4 h5 41. Kc5 h4 42. Kd4 h3 43. Ke3 h2 44.
Kf2 h1=Q 45. Ke3 Qd5 46. Kf4 Qg5+ 47. Kf3 Rf6+ 48. Ke2 Qe5+ 49. Kd3 Rf4 50.
Kd2 Rd4+ 51. Kc3 Qc5+ 52. Kb3 Rb4+ 53. Ka3 Qa5# { White checkmated } 0-1

[Event "ICC tourney 2556 (25 5)"]
[Site "Internet Chess Club"]
[Date "2021.05.08"]
[Round "3"]
[White "ARORA, RANBEER:K05-15760434"]
[Black "THIMMASAMUDRAM, SANDEEP:K05-16278356"]
[Result "0-1"]
[ICCResult "White checkmated"]
[WhiteElo "1521"]
[BlackElo "1199"]
[Opening "Queen's pawn, Mason variation"]
[ECO "D00"]
[NIC "QP.08"]
[Time "15:31:24"]
[PlyCount "74"]
[TimeControl "1500+5"]

1. d4 d5 2. Bf4 Bf5 3. e3 Nf6 4. c3 e6 5. Nf3 Nc6 6. Bb5 a6 7. Bxc6+ bxc6
8. Nbd2 Be7 9. Ne5 O-O 10. Nxc6 Qd7 11. Ne5 Qd8 12. O-O Rc8 13. Nb3 Ne4 14.
Nd2 f6 15. Nc6 Qd7 16. Nxe7+ Qxe7 17. Nxe4 dxe4 18. Bg3 e5 19. d5 Bg6 20.
c4 f5 21. h3 f4 22. exf4 exf4 23. Bh2 f3 24. g3 Qd7 25. g4 Bh5 26. Kh1 Bxg4
27. hxg4 Qxg4 28. Rg1 Qh3 29. Qd4 Rf7 30. Rg3 Qd7 31. Rag1 Kh8 32. Qxe4 Re8
33. Qd3 Ref8 34. Rh3 Qxh3 35. Rg3 Qh5 36. Qd4 Re7 37. Kg1 Re1# { White
checkmated } 0-1

[Event "ICC tourney 2556 (25 5)"]
[Site "Internet Chess Club"]
[Date "2021.05.08"]
[Round "3"]
[White "ROY, AYUSH:K05-16710940"]
[Black "KUMAR, ANIRUDH:K05-30045956"]
[Result "1-0"]
[ICCResult "Black resigns"]
[WhiteElo "1548"]
[BlackElo "924"]
[Opening "QGD: 4.Bg5"]
[ECO "D38"]
[NIC "QO.16"]
[Time "15:31:24"]
[PlyCount "35"]
[TimeControl "1500+5"]

1. d4 d5 2. c4 e6 3. Nc3 Nf6 4. Bg5 Bb4 5. Nf3 h6 6. Bxf6 Qxf6 7. e3 Nc6 8.
cxd5 Bxc3+ 9. bxc3 exd5 10. Bb5 a6 11. Be2 Be6 12. Qc2 Rb8 13. c4 O-O 14.
O-O dxc4 15. Bxc4 Bxc4 16. Qxc4 Qe6 17. d5 Rfd8 18. dxe6 { Black resigns }
1-0

[Event "ICC tourney 2556 (25 5)"]
[Site "Internet Chess Club"]
[Date "2021.05.08"]
[Round "3"]
[White "QIAO, EVELYN:K05-16026633"]
[Black "REMPE, LENNIK:K05-15868931"]
[Result "1-0"]
[ICCResult "Black resigns"]
[WhiteElo "1575"]
[BlackElo "1235"]
[Opening "Scotch gambit"]
[ECO "C44"]
[NIC "SO.06"]
[Time "15:32:17"]
[PlyCount "29"]
[TimeControl "1500+5"]

1. e4 e5 2. Nf3 Nc6 3. d4 exd4 4. Bc4 d6 5. Nxd4 Qe7 6. O-O Nf6 7. Nxc6
bxc6 8. Nc3 g6 9. Bf4 Bg7 10. Re1 O-O 11. e5 Ng4 12. exd6 Qf6 13. Bg3 cxd6
14. Qxd6 Qf3 15. gxf3 { Black resigns } 1-0

[Event "ICC tourney 2556 (25 5)"]
[Site "Internet Chess Club"]
[Date "2021.05.08"]
[Round "3"]
[White "BALIGAR, SELENA:K05-16364746"]
[Black "CHAKKIRALA, NITIKA:K05-17289378"]
[Result "1-0"]
[ICCResult "Black checkmated"]
[WhiteElo "635"]
[BlackElo "219"]
[Opening "Richter-Veresov attack"]
[ECO "D01"]
[NIC "QP.08"]
[Time "15:30:44"]
[PlyCount "49"]
[TimeControl "1500+5"]

1. d4 d5 2. Nc3 Nf6 3. Bg5 h6 4. Bxf6 gxf6 5. e4 dxe4 6. Nxe4 f5 7. Nc3 f6
8. h3 e5 9. d5 Bc5 10. Qh5+ Ke7 11. O-O-O Bxf2 12. g4 fxg4 13. hxg4 Be3+
14. Kb1 Qe8 15. Qh3 Rg8 16. Re1 Bf4 17. Nge2 Bxg4 18. Qd3 Na6 19. Nxf4 Rh8
20. Ng6+ Kd7 21. Nxh8 Qxh8 22. Nb5 Rd8 23. d6 cxd6 24. Qxd6+ Kc8 25. Nxa7#
{ Black checkmated } 1-0

[Event "ICC tourney 2556 (25 5)"]
[Site "Internet Chess Club"]
[Date "2021.05.08"]
[Round "3"]
[White "WISHWAS, SUKRIT:K05-16469652"]
[Black "KRISHNAN, MIHIKA:K05-16596204"]
[Result "0-1"]
[ICCResult "White checkmated"]
[WhiteElo "731"]
[BlackElo "1094"]
[Opening "Giuoco Pianissimo"]
[ECO "C50"]
[NIC "IG.02"]
[Time "15:30:32"]
[PlyCount "62"]
[TimeControl "1500+5"]

1. e4 e5 2. Nf3 Nc6 3. Bc4 Bc5 4. d3 h6 5. Be3 Bxe3 6. fxe3 Nf6 7. Nc3 Ng4
8. O-O Nxe3 9. Qe2 Nxf1 10. Qxf1 O-O 11. Qe2 d6 12. h3 Na5 13. Rf1 Nxc4 14.
dxc4 Be6 15. b3 c6 16. c5 dxc5 17. Nxe5 Qd4+ 18. Kh2 Qxe5+ 19. g3 Qxc3 20.
Qh5 Qd2+ 21. Kg1 Qxc2 22. Rf4 Qc1+ 23. Rf1 Qe3+ 24. Rf2 Qxg3+ 25. Rg2 Qe1+
26. Kh2 Qe3 27. Rg3 Qf4 28. Kg2 Rad8 29. Rf3 Rd2+ 30. Rf2 Qxf2+ 31. Kh1
Qh2# { White checkmated } 0-1

[Event "ICC tourney 2556 (25 5)"]
[Site "Internet Chess Club"]
[Date "2021.05.08"]
[Round "3"]
[White "ROBERT WICKS, COLIN:K05-16090713"]
[Black "BALAMURUGAN, ABHIJAY:K05-16913354"]
[Result "1-0"]
[ICCResult "Black checkmated"]
[WhiteElo "1624"]
[BlackElo "1242"]
[Opening "Giuoco Pianissimo: Italian four knights variation"]
[ECO "C50"]
[NIC "IG.02"]
[Time "15:31:05"]
[PlyCount "75"]
[TimeControl "1500+5"]

1. e4 e5 2. Nf3 Nc6 3. Bc4 Bc5 4. Nc3 Nf6 5. d3 O-O 6. Bg5 Be7 7. Qd2 h6 8.
Be3 Ng4 9. h3 Nxe3 10. Qxe3 d6 11. Qe2 Be6 12. Bb3 Bxb3 13. axb3 Bf6 14. h4
Nd4 15. Nxd4 exd4 16. Nb5 Bxh4 17. Nxd4 Bf6 18. Nf5 Bxb2 19. Rb1 Bc3+ 20.
Kf1 Qf6 21. Qg4 Qg6 22. Ne7+ Kh7 23. Nxg6 fxg6 24. Ke2 Bd4 25. f3 Rae8 26.
Rh2 d5 27. Rbh1 h5 28. Qg5 Re5 29. Qd2 Rfe8 30. g4 dxe4 31. dxe4 Rxe4+ 32.
fxe4 Rxe4+ 33. Kd3 Rxg4 34. Qe2 c5 35. Qxg4 Bf6 36. Rxh5+ gxh5 37. Qxh5+
Kg8 38. Qe8# { Black checkmated } 1-0

[Event "ICC tourney 2556 (25 5)"]
[Site "Internet Chess Club"]
[Date "2021.05.08"]
[Round "3"]
[White "NANDWA, EMMANUEL:K05-16412848"]
[Black "F GEFFRARD, AMY:K05-17190671"]
[Result "1-0"]
[ICCResult "Black checkmated"]
[WhiteElo "667"]
[BlackElo "262"]
[Opening "Scandinavian (center counter) defense"]
[ECO "B01"]
[NIC "SD.02"]
[Time "15:32:00"]
[PlyCount "59"]
[TimeControl "1500+5"]

1. e4 d5 2. exd5 Qxd5 3. Nc3 Qd8 4. Nf3 f5 5. d4 e6 6. Be3 Bb4 7. Bc4 Bxc3+
8. bxc3 Nc6 9. Bb5 a6 10. Bxc6+ bxc6 11. Rb1 e5 12. Nxe5 f4 13. Bxf4 h5 14.
Qe2 g5 15. Nxc6+ Kd7 16. Nxd8 Kxd8 17. Bxg5+ Kd7 18. O-O Kc6 19. Qc4+ Kd6
20. Bf4+ Ke7 21. Rfe1+ Kf6 22. Qxc7 h4 23. Qe5+ Kg6 24. Qxh8 Nf6 25. Qh6+
Kf7 26. Bg5 Ng8 27. Qh7+ Kf8 28. Be7+ Nxe7 29. Rxe7 Bd7 30. Qf7# { Black
checkmated } 1-0

[Event "ICC tourney 2556 (25 5)"]
[Site "Internet Chess Club"]
[Date "2021.05.08"]
[Round "3"]
[White "CHAN MAK, OLIVER:K05-16502861"]
[Black "WILLIAMS, VICTORIA:K05-16958116"]
[Result "1-0"]
[ICCResult "Black checkmated"]
[WhiteElo "569"]
[BlackElo "118"]
[Opening "Philidor's defense"]
[ECO "C41"]
[NIC "KP.10"]
[Time "15:30:47"]
[PlyCount "55"]
[TimeControl "1500+5"]

1. e4 e5 2. Nf3 d6 3. Bc4 Qd7 4. Nc3 Qd8 5. d3 g6 6. Be3 h5 7. Qd2 Be7 8.
O-O-O a5 9. d4 b6 10. dxe5 dxe5 11. Nd5 Bd6 12. Bg5 Qd7 13. Nf6+ Nxf6 14.
Bxf6 Rg8 15. b3 g5 16. a4 g4 17. Ng5 Ba3+ 18. Kb1 Ba6 19. Bxf7+ Kf8 20.
Bxg8 Kxg8 21. Qxd7 Nxd7 22. Rxd7 Ra7 23. Rd8+ Bf8 24. Rhd1 Rb7 25. Re8 Rb8
26. Rxb8 c6 27. Rdd8 Bb7 28. Rxf8# { Black checkmated } 1-0

[Event "ICC tourney 2556 (25 5)"]
[Site "Internet Chess Club"]
[Date "2021.05.08"]
[Round "3"]
[White "MAASAI DANIELS, INDIGO:K05-30096534"]
[Black "PALANIAPPAN, ABHINAV:K05-16592332"]
[Result "1-0"]
[ICCResult "Black checkmated"]
[WhiteElo "1100"]
[BlackElo "732"]
[Opening "Caro-Kann: classical variation"]
[ECO "B18"]
[NIC "CK.10"]
[Time "15:32:38"]
[PlyCount "35"]
[TimeControl "1500+5"]

1. e4 c6 2. Nc3 d5 3. d4 dxe4 4. Nxe4 Bf5 5. Ng3 Bc8 6. Bc4 Nf6 7. Be3 e6
8. c3 Bd6 9. Nf3 Bxg3 10. hxg3 O-O 11. Qd3 Qe8 12. Ng5 e5 13. Nxh7 e4 14.
Nxf6+ gxf6 15. Qe2 Bf5 16. Qh5 Bh3 17. Rxh3 Kg7 18. Qh7# { Black checkmated
} 1-0

[Event "ICC tourney 2556 (25 5)"]
[Site "Internet Chess Club"]
[Date "2021.05.08"]
[Round "3"]
[White "MARADANA, HARSHA:K05-30024511"]
[Black "SHAH, NIKHIL:K05-16252950"]
[Result "0-1"]
[ICCResult "White checkmated"]
[WhiteElo "361"]
[BlackElo "865"]
[Opening "Bishop's opening: Berlin defense"]
[ECO "C24"]
[NIC "IG.04"]
[Time "15:31:27"]
[PlyCount "62"]
[TimeControl "1500+5"]

1. e4 e5 2. Bc4 Nf6 3. d3 d5 4. exd5 Nxd5 5. Nf3 Be6 6. Nxe5 Qf6 7. Bf4
Qxf4 8. d4 Bd6 9. O-O Bxe5 10. dxe5 Qxe5 11. Re1 Qxb2 12. Nd2 Nc3 13. Qf3
Kd8 14. Bxe6 fxe6 15. Qd3+ Kc8 16. Nc4 Qb5 17. Qxc3 Rd8 18. Rxe6 Qc5 19.
Re5 Qc6 20. Qh3+ Nd7 21. Na5 Qb6 22. Rae1 c6 23. Re8 Qxa5 24. Rxd8+ Kxd8
25. g3 Qxe1+ 26. Kg2 Qe4+ 27. f3 Qe2+ 28. Kg1 Qxf3 29. Qxh7 Kc7 30. Qxg7
Rf8 31. Qd4 Qf1# { White checkmated } 0-1

[Event "ICC tourney 2556 (25 5)"]
[Site "Internet Chess Club"]
[Date "2021.05.08"]
[Round "3"]
[White "BAO, MAXIMILIAN:K05-16427073"]
[Black "PIERRE LOUIS, ELANA:K05-17258051"]
[Result "0-1"]
[ICCResult "White checkmated"]
[WhiteElo "778"]
[BlackElo "341"]
[Opening "Ruy Lopez: Berlin defense"]
[ECO "C65"]
[NIC "RL.07"]
[Time "15:30:34"]
[PlyCount "24"]
[TimeControl "1500+5"]

1. e4 e5 2. Nf3 Nc6 3. Bb5 Nf6 4. d3 d6 5. c3 Be6 6. O-O Nh5 7. d4 Qf6 8.
d5 Nf4 9. dxc6 Qg6 10. cxb7+ c6 11. bxa8=Q+ Ke7 12. Qxc6 Qxg2# { White
checkmated } 0-1

[Event "ICC tourney 2556 (25 5)"]
[Site "Internet Chess Club"]
[Date "2021.05.08"]
[Round "3"]
[White "NEWELL, LOGAN:K05-17048236"]
[Black "SINHA, AANVI:K05-16964627"]
[Result "1-0"]
[ICCResult "Black checkmated"]
[WhiteElo "566"]
[BlackElo "103"]
[Opening "Vienna gambit"]
[ECO "C25"]
[NIC "VG.04"]
[Time "15:31:03"]
[PlyCount "53"]
[TimeControl "1500+5"]

1. e4 e5 2. Nc3 Nc6 3. f4 Nf6 4. Nf3 Bc5 5. Bc4 d6 6. d3 Nh5 7. Ng5 Nf6 8.
Nxf7 O-O 9. Nxd8+ d5 10. Bxd5+ Nxd5 11. Nxd5 Nxd8 12. Nxc7 Rb8 13. fxe5 b6
14. d4 Bb4+ 15. c3 Be7 16. d5 Bh4+ 17. g3 Be7 18. d6 Bg5 19. Bxg5 h6 20.
Bxh6 gxh6 21. Qh5 Kg7 22. Rf1 Rh8 23. O-O-O Rb7 24. Rf4 Bd7 25. Rdf1 Bb5
26. R1f2 Nf7 27. Qxf7# { Black checkmated } 1-0

[Event "ICC tourney 2556 (25 5)"]
[Site "Internet Chess Club"]
[Date "2021.05.08"]
[Round "3"]
[White "KANCHARLAPALLI, NIYATI:K05-16973271"]
[Black "ANDREW DOUGLAS MURPHY, JACK:K05-16368541"]
[Result "0-1"]
[ICCResult "White checkmated"]
[WhiteElo "310"]
[BlackElo "754"]
[Opening "Queen's pawn, Mason variation"]
[ECO "D00"]
[NIC "QP.08"]
[Time "15:31:18"]
[PlyCount "98"]
[TimeControl "1500+5"]

1. d4 d5 2. Bf4 Nf6 3. e3 Bf5 4. Nf3 e6 5. Nc3 Nc6 6. Bd3 Bxd3 7. cxd3 Bb4
8. O-O O-O 9. Bg5 h6 10. Bf4 Re8 11. e4 dxe4 12. dxe4 Bxc3 13. bxc3 Nxe4
14. Be3 Nxc3 15. Qe1 Ne4 16. Ne5 Nxe5 17. dxe5 f6 18. Bf4 fxe5 19. Bxe5 Nc5
20. Qc3 Ne4 21. Qc4 Nd2 22. Bxc7 Nxc4 23. Bxd8 Rexd8 24. Rfe1 Rd7 25. Rxe6
Rad8 26. Ree1 Nb2 27. Rab1 Rd1 28. Rexd1 Rxd1+ 29. Rxd1 Nxd1 30. Kf1 Nc3
31. a3 b5 32. Ke1 a5 33. Kd2 Nb1+ 34. Kc2 Nxa3+ 35. Kb3 Nc4 36. Kc3 a4 37.
Kb4 a3 38. Kxb5 a2 39. Kxc4 a1=Q 40. Kb3 Qd1+ 41. Kb2 Kf7 42. f4 Ke6 43. g3
Kd5 44. g4 Kc4 45. Ka2 Qd2+ 46. Ka3 Kc3 47. f5 Qd1 48. Ka2 Qd2+ 49. Kb1
Qb2# { White checkmated } 0-1

[Event "ICC tourney 2556 (25 5)"]
[Site "Internet Chess Club"]
[Date "2021.05.08"]
[Round "3"]
[White "HU, ANDREW:K05-30094774"]
[Black "SUNG, LUCAS:K05-16250308"]
[Result "1-0"]
[ICCResult "Black checkmated"]
[WhiteElo "1135"]
[BlackElo "750"]
[Opening "Scotch game"]
[ECO "C45"]
[NIC "SO.05"]
[Time "15:30:08"]
[PlyCount "49"]
[TimeControl "1500+5"]

1. e4 e5 2. Nf3 Nc6 3. d4 exd4 4. Nxd4 Bc5 5. Nxc6 bxc6 6. Nc3 Qf6 7. Be3
Bxe3 8. fxe3 d6 9. Bd3 h5 10. g3 Bg4 11. Be2 Bh3 12. Bf1 Bg4 13. Be2 Bh3
14. Qd3 Bg2 15. Rg1 Bh3 16. O-O-O d5 17. exd5 cxd5 18. Nxd5 Qe6 19. Nxc7+
Ke7 20. Nxe6 Kxe6 21. Qe4+ Kf6 22. Rgf1+ Kg5 23. Rd5+ Kh6 24. Rd6+ Kg5 25.
Qf4# { Black checkmated } 1-0

[Event "ICC tourney 2556 (25 5)"]
[Site "Internet Chess Club"]
[Date "2021.05.08"]
[Round "3"]
[White "VINIAK, SAATVIK:K05-16432705"]
[Black "WILLIAMS, DIMITRI:K03-17266018"]
[Result "1-0"]
[ICCResult "Black checkmated"]
[WhiteElo "672"]
[BlackElo "273"]
[Opening "Old Benoni defense"]
[ECO "A43"]
[NIC "OI.09"]
[Time "15:31:11"]
[PlyCount "69"]
[TimeControl "1500+5"]

1. d4 c5 2. dxc5 d5 3. Nc3 Nf6 4. Nf3 Be6 5. Bg5 Nbd7 6. Bxf6 exf6 7. e4
Bxc5 8. exd5 Ne5 9. dxe6 fxe6 10. Be2 Nxf3+ 11. Bxf3 Qb6 12. Qd2 Rd8 13.
Qe2 O-O 14. O-O Rd7 15. Ne4 Bd4 16. c3 Rfd8 17. cxd4 Qd6 18. Nxd6 Rxd6 19.
Bxb7 Rxd4 20. Qxe6+ Kf8 21. h3 R4d6 22. Qb3 Rd3 23. Qb4+ Ke8 24. Bc6+ Kf7
25. Qc4+ Ke7 26. Qc5+ Kf7 27. Bd5+ Kg6 28. Be4+ Kh6 29. Bxd3 Rxd3 30. Qc1+
Kg6 31. Qc2 f5 32. Qxd3 h6 33. Rfc1 h5 34. Rc6+ Kg5 35. Qg3# { Black
checkmated } 1-0

[Event "ICC tourney 2556 (25 5)"]
[Site "Internet Chess Club"]
[Date "2021.05.08"]
[Round "3"]
[White "MUKHOPADHYAY, ANUSHA:K05-16454747"]
[Black "SCHMELZER, ZACHARY:K05-16849843"]
[Result "1-0"]
[ICCResult "Black checkmated"]
[WhiteElo "1057"]
[BlackElo "620"]
[Opening "Giuoco Pianissimo: Italian four knights variation"]
[ECO "C23"]
[NIC "IG.04"]
[Time "15:30:54"]
[PlyCount "105"]
[TimeControl "1500+5"]

1. e4 e5 2. Bc4 Nc6 3. d3 Nf6 4. Nf3 Bc5 5. Nc3 d6 6. h3 h6 7. Be3 O-O 8.
O-O a6 9. a3 b5 10. Ba2 Bb7 11. b4 Bxe3 12. fxe3 d5 13. exd5 Nxd5 14. Nxd5
Ne7 15. Nxe7+ Qxe7 16. e4 Qf6 17. Qe2 c6 18. Bb3 Rac8 19. Qe3 Qe7 20. Rf2
c5 21. bxc5 Rxc5 22. Raf1 Rc7 23. a4 bxa4 24. Bxa4 Bc6 25. Bxc6 Rxc6 26. c4
a5 27. Ra1 Ra6 28. Rfa2 Qb4 29. Qd2 Qxd2 30. Nxd2 Rfa8 31. Nb3 a4 32. Nc5
Rd6 33. Rxa4 Rxa4 34. Rxa4 Rc6 35. Ra5 Kf8 36. Nd7+ Ke8 37. Nxe5 Rd6 38.
Rd5 Rxd5 39. exd5 Ke7 40. Nc6+ Kd6 41. Kf2 Kc5 42. Ke3 Kd6 43. Kd4 Kd7 44.
Ne5+ Kd6 45. Nxf7+ Kd7 46. c5 Ke8 47. Ne5 Kd8 48. c6 Kc7 49. Kc5 h5 50. d6+
Kc8 51. c7 g6 52. Kc6 h4 53. d7# { Black checkmated } 1-0